 Dungeon Crawl Stone Soup version 0.26-a0-264-g3a471323bd (console) character file.

Game seed: 868590846581134589

199 Kagalorn the Poker (level 5, -22/48 HPs)
             Began as a Hill Orc Gladiator on July 11, 2020.
             Blown up by Ijyb (32 damage)
             ... with a disintegration bolt
             ... on level 3 of the Dungeon.
             The game lasted 00:04:07 (1520 turns).

Kagalorn the Poker (Hill Orc Gladiator)             Turns: 1520, Time: 00:04:07

Health: -22/48     AC:  4    Str: 17    XL:     5   Next: 77%
Magic:  5/5        EV: 12    Int: 15    God:
Gold:   34         SH:  5    Dex: 12    Spells: 4/4 levels left

rFire    . . .     SeeInvis .   a - +0 trident
rCold    . . .     Faith    .   (no shield)
rNeg     . . .     Spirit   .   b - +0 leather armour
rPois    .         Reflect  +   c - +0 helmet
rElec    .         Harm     .   (no cloak)
rCorr    .                      (no gloves)
MR       .....                  (no boots)
Stlth    +.........             e - amulet of reflection
HPRegen  0.16/turn              i - +6 ring of intelligence
MPRegen  0.09/turn              (no ring)

@: no status effects
A: no striking features
a: no special abilities


You were on level 3 of the Dungeon.
You were not hungry.

You visited 1 branch of the dungeon, and saw 3 of its levels.

You collected 34 gold pieces.

Inventory:

Hand Weapons
 a - a +0 trident (weapon)
Missiles
 d - 3 throwing nets (quivered)
Armour
 b - a +0 leather armour (worn)
 c - a +0 helmet (worn)
Jewellery
 e - an amulet of reflection (around neck)
 h - an uncursed ring of fire
 i - a +6 ring of intelligence (left hand)
Scrolls
 j - 2 scrolls of magic mapping {unknown}
 l - a scroll of enchant weapon {unknown}
Potions
 g - a potion of heal wounds
 k - a potion of curing {unknown}
 m - a potion of brilliance {unknown}
Comestibles
 f - 3 rations


   Skills:
 + Level 5.2 Fighting
 + Level 5.3 Polearms
 - Level 1.7 Throwing
 - Level 2.4 Dodging


You had 4 spell levels left.
You didn't know any spells.
Your spell library was empty.

Dungeon Overview and Level Annotations

Branches:
Dungeon (3/15)

Altars:
Dithmenos

Annotations:
D:3 Ijyb


Message History

Ijyb is lightly wounded.
You block Ijyb's attack.
Press: ? - help, v - describe, . - travel, g - get item
Here: Ijyb, wielding a +7 club, wearing a +0 leather armour and carrying a wand of disintegration (16) (lightly wounded)
A kobold corpse.
The floor.
Evoke which item? (* to show all) (? for menu, Esc to quit)
Okay, then.
It was a potion of heal wounds.
You feel much better. Ijyb hits you with a +7 club.
You closely miss Ijyb.
Ijyb is lightly wounded.
A rat comes into view.
Ijyb zaps a wand.
You are blasted!
* * * LOW HITPOINT WARNING * * *
You closely miss Ijyb.
Ijyb is lightly wounded.
Ijyb zaps a wand.
You are blasted!
Ouch! That really hurt!
You die...

....# ....#
###### ....#
#.rg.###....#
#@(.#....#
###(#....###
#..........
#..#.##.###
#.##).#..# #.
##..#.# ## ..#
##.#.# .#####
......#...##
.#.... #.#
#.!....##.#....


You could see Ijyb and a rat.

Vanquished Creatures
  A hound (D:2)
  Natasha (thrice) (D:2)
  5 adders
  3 worms
  A dart slug (D:2)
  2 leopard geckos (D:3)
  2 bats (D:2)
  A giant cockroach (D:1)
  5 goblins (D:2)
  6 hobgoblins
  2 quokkas
  A ball python (D:2)
  3 frilled lizards (D:2)
  5 kobolds
  8 rats
48 creatures vanquished.

Notes
Turn   | Place    | Note
-------+----------+-------------------------------------------
     0 | D:1      | Kagalorn the Hill Orc Gladiator began the quest for the
                  | Orb.
     0 | D:1      | Reached XP level 1. HP: 18/18 MP: 1/1
   132 | D:2      | Reached XP level 2. HP: 21/25 MP: 2/2
   335 | D:2      | Reached XP level 3. HP: 31/31 MP: 3/3
   352 | D:2      | Found a shadowy altar of Dithmenos.
   353 | D:2      | Noticed Natasha
   365 | D:2      | Killed Natasha
   436 | D:2      | Noticed Natasha
   448 | D:2      | Killed Natasha
   448 | D:2      | Reached XP level 4. HP: 8/40 MP: 4/4
   745 | D:2      | Noticed Natasha
   766 | D:2      | Killed Natasha
   766 | D:2      | Reached skill level 5 in Polearms
   766 | D:2      | Reached XP level 5. HP: 42/47 MP: 5/5
  1077 | D:2      | Reached skill level 5 in Fighting
  1509 | D:3      | Noticed Ijyb
  1520 | D:3      | Blown up by Ijyb

Illustrated notes

Levels and vault maps discovered:
D:1:      minmay_arrival_plants_in_alcoves, layout_basic,
          okawaru_ov_weapons_minmay
D:2:      layout_loops_ring, nicolae_overflow_crystal_walls, uniq_natasha
D:3:      layout_rooms, cheibrodos_sewer_entry_bend, uniq_ijyb

Skill      XL: |  1  2  3  4  5 |
---------------+----------------+-----
Fighting       | 3 4 5 |  5.2
Polearms       | 4 5 |  5.3
Throwing       | |  1.7
Dodging        | |  2.4

Action                   |  1- 3 |  4- 6 || total
-------------------------+-------+-------++-------
Melee: Trident           |    87 |    90 ||   177
  Use: Scroll            |     1 |       ||     1
       Potion            |       |     1 ||     1
 Stab: Sleeping          |       |     1 ||     1
  Eat: Ration            |       |     1 ||     1
Armor: Leather armour    |    19 |    20 ||    39
Dodge: Dodged            |    47 |    26 ||    73
Block: Other             |    12 |    16 ||    28
       Reflection        |       |     2 ||     2

Table legend:
 A = Non-vault XP
 B = Vault XP
 C = Vault XP percentage of total XP
 D = Non-vault monster count
 E = Vault monster count
 F = Vault count percentage of total count
                 A         B        C        D         E       F
            +---------+---------+-------+---------+---------+-------
      Total |     250 |      35 |  12.3 |      47 |       1 |   2.1
            +---------+---------+-------+---------+---------+-------
        D:1 |       2 |       0 |   0.0 |       1 |       0 |   0.0
        D:2 |     210 |      35 |  14.3 |      32 |       1 |   3.0
        D:3 |      38 |       0 |   0.0 |      14 |       0 |   0.0
            +---------+---------+-------+---------+---------+-------
